AoeStats
← JuryParty6413

Arabia

510124241Analyzed
1v1 RM · 3d ago on Sep 29, 2026· 46m 44s· 2 players
Game mode
Random Map
Map size
Tiny (2 player)
Population
200
Speed
Normal
Resources
Standard
Victory
Conquest
Starting age
Dark Age
Ending age
Imperial Age
RankedLock teamsTeams togetherTeam positionsShared explorationLock speedFull tech treeHidden civsTurbo modeCheats
Victory
Defeat
🇮🇳 Bulgarians · India
1146
+15
🇵🇪 Mongols · Peru
1126
-15
Yo.Antonov
5:57 Loom
8:57 Feudal Age
10:17 Double-Bit Axe
21:55 Castle Age
21:54 Bloodlines
22:21 Scale Barding Armor
22:17 Padded Archer Armor
22:08 Fletching
23:44 Bow Saw
23:18 Horse Collar
26:01 Pikeman
27:24 Forging
31:08 Stone Mining
31:08 Gold Mining
34:41 Husbandry
35:19 Wheelbarrow
35:07 Scale Mail Armor
35:42 Iron Casting
37:36 Squires
37:22 Arson
39:45 Town Watch
40:14 Heavy Plow
43:19 Imperial Age
42:49 Chain Mail Armor
42:54 Chain Barding Armor
43:12 Bodkin Arrow
43:32 Leather Archer Armor
45:26 Conscription
46:12 Elite Mangudai
JuryParty6413
6:43 Loom
9:52 Feudal Age
16:21 Horse Collar
17:30 Bloodlines
23:32 Castle Age
21:40 Double-Bit Axe
25:15 Forging
25:11 Scale Barding Armor
26:01 Husbandry
27:55 Fletching
29:55 Heavy Plow
30:07 Bow Saw
30:03 Gold Mining
31:48 Wheelbarrow
33:23 Bodkin Arrow
33:51 Hand Cart
36:03 Gold Shaft Mining
38:03 Scale Mail Armor
38:49 Squires
38:40 Gambesons
38:41 Arson
42:55 Imperial Age
43:12 Imperial Age
41:02 Chain Mail Armor
40:51 Town Watch
43:31 Iron Casting
43:21 Cavalier
45:03 Blast Furnace
45:10 Stone Mining
47:10 Plate Mail Armor
Connection lost

Rejoining the realm…

Still unreachable

The connection could not be restored.

Session expired

The server has moved on; the page needs a fresh start.